Map: [ESL] Inside and Out

Players

Rex - Winner!

  • Race: Zerg Zerg
  • Spawn Location: 7:00

Lemon

  • Race: Terran Terran
  • Spawn Location: 1:00

Event: DreamHack SC2 Masters 2022 Atlanta (Online)

VOD

Have the link to the VOD?

Description

Time

  • Played on: Sept. 29, 2022, 9:30 a.m.
  • Length: 7:49

All games in this series

Show
View Real Time Build Order
Export as new Build Order

Rex Zerg - Winner!

Build Orders: Hatch First 

Get SALT Encoding   

  12  0:00  Drone  
  13  0:12  Overlord  
  13  0:17  Drone  
  14  0:30  Drone x2  
  16  0:48  Hatchery  
  15  0:52  Drone  
  15  0:56  Drone  
  17  0:59  Drone  
  18  1:13  Spawning Pool  
  18  1:16  Extractor  
  16  1:19  Drone  
  16  1:22  Drone  
  18  1:28  Drone  
  19  1:38  Drone  
  20  1:49  Drone  
  21  2:00  Queen x2  
  26  2:01  Zergling x4  
  27  2:10  Overlord  
  27  2:11  Drone  
  28  2:26  Spore Crawler  
  28  2:28  Hatchery  
  26  2:30  Drone  
  26  2:36  Drone  
  26  2:37  Drone x2  
  30  2:41  Queen  
  32  2:45  Drone  
  33  2:51  Metabolic Boost  
  33  2:54  Overlord  
  33  2:58  Drone  
  33  3:01  Drone  
  33  3:05  Drone  
  36  3:12  Queen  
  38  3:14  Drone x3  
  38  3:17  Overlord  
  41  3:27  Queen  
  41  3:28  Drone  
  44  3:36  Overlord  
  44  3:37  Drone x3  
  44  3:40  Queen  
  49  3:42  Drone  
  49  3:45  Drone  
  51  3:50  Drone x2  
  51  3:52  Queen  
  55  3:56  Overlord  
  55  4:01  Drone x3  
  59  4:02  Drone  
  59  4:08  Queen  
  61  4:12  Overlord  
  61  4:22  Zergling x6  
  64  4:25  Drone x2  
  64  4:29  Lair  
  66  4:31  Drone x3, Extractor  
  66  4:33  Baneling Nest  
  66  4:34  Zergling x4  
  69  4:45  Drone  
  63  4:46  Spore Crawler x2  
  63  4:51  Drone x3  
  63  4:52  Spore Crawler  
  61  4:55  Drone  
  61  4:57  Drone x2  
  64  5:01  Drone x2  
  64  5:03  Drone  
  66  5:07  Drone  
  66  5:08  Drone  
  66  5:09  Drone  
  66  5:10  Drone  
  66  5:13  Overlord  
  70  5:17  Drone  
  70  5:18  Drone x2  
  73  5:22  Drone  
  73  5:24  Overlord  
  74  5:31  Spire, Extractor  
  74  5:32  Drone x2, Extractor  
  74  5:35  Drone, Extractor x2  
  72  5:38  Overseer  
  72  5:39  Drone  
  72  5:40  Drone  
  72  5:41  Drone  
  75  5:43  Drone x2  
  75  5:44  Drone  
  75  5:46  Drone x2  
  75  5:48  Drone  
  81  5:50  Drone x2  
  81  5:53  Drone x2  
  81  5:55  Drone x2  
  87  6:00  Drone  
  87  6:02  Queen  
  87  6:03  Centrifugal Hooks  
  87  6:18  Drone x2, Hatchery  
  88  6:20  Drone  
  88  6:21  Drone  
  88  6:24  Overlord  
  90  6:26  Overlord  
  90  6:31  Overlord x2  
  90  6:35  Overlord  
  90  6:36  Overlord  
  90  6:45  Mutalisk x3  
  90  6:46  Mutalisk  
  96  6:49  Mutalisk  
  96  6:51  Mutalisk  
  96  6:54  Mutalisk  
  102  6:57  Pneumatized Carapace  
  102  6:59  Baneling x2  
  104  7:01  Zergling x8  
  104  7:07  Zergling x10  
  113  7:09  Baneling x4  
  113  7:15  Zergling x4, Baneling x4  
  113  7:16  Zergling x4  
  113  7:21  Zergling x10  
  122  7:22  Baneling  
  122  7:23  Baneling x2  
  122  7:28  Drone x4  
  126  7:30  Evolution Chamber  
  126  7:33  Drone x2, Evolution Chamber  
Show
View Real Time Build Order
Export as new Build Order

Lemon Terran 

Build Orders: Reaper Expand, Hellion Banshee 

Get SALT Encoding   

  12  0:00  SCV  
  13  0:12  SCV  
  14  0:17  Supply Depot  
  14  0:24  SCV  
  15  0:38  SCV  
  15  0:39  Barracks  
  15  0:42  Refinery  
  16  0:52  SCV  
  17  1:04  SCV  
  18  1:16  SCV  
  19  1:26  Reaper  
  19  1:28  Orbital Command  
  20  1:39  Command Center  
  20  1:46  Supply Depot  
  20  1:53  SCV  
  21  1:58  Marine  
  22  2:05  SCV  
  23  2:11  Factory  
  23  2:17  SCV  
  23  2:19  Barracks Reactor  
  24  2:29  SCV  
  25  2:38  Command Center  
  25  2:42  SCV  
  26  2:51  Orbital Command  
  26  2:54  SCV  
  27  2:58  Starport  
  27  3:03  Refinery  
  27  3:06  SCV  
  27  3:12  Hellion  
  30  3:14  Hellion  
  30  3:17  SCV  
  33  3:20  Barracks Tech Lab  
  33  3:22  SCV  
  33  3:29  SCV  
  33  3:33  Hellion  
  36  3:34  SCV  
  36  3:36  Hellion  
  39  3:42  Banshee  
  39  3:45  SCV  
  39  3:46  SCV  
  44  3:50  Orbital Command  
  44  3:55  Hellion  
  46  3:57  SCV, Hellion  
  46  3:59  Cloaking Field  
  49  4:03  SCV  
  49  4:09  SCV  
  51  4:12  Supply Depot, Barracks Tech Lab  
  51  4:15  SCV  
  51  4:17  Orbital Command  
  52  4:21  SCV  
  53  4:25  Banshee  
  53  4:26  Barracks  
  53  4:28  SCV  
  53  4:29  Barracks  
  57  4:31  Factory Reactor  
  57  4:32  Marine  
  57  4:34  SCV  
  55  4:49  SCV  
  55  4:50  Stimpack, Marine  
  55  4:51  Engineering Bay  
  55  4:52  Engineering Bay, Supply Depot  
  49  4:55  SCV x2  
  49  4:57  Refinery  
  51  5:02  SCV  
  53  5:07  SCV  
  53  5:08  Marine  
  53  5:13  SCV  
  55  5:16  Supply Depot  
  55  5:17  Barracks  
  55  5:19  SCV x2  
  55  5:21  Terran Infantry Weapons Level 1  
  57  5:24  Refinery  
  57  5:25  SCV  
  58  5:28  Marine x3  
  58  5:30  Factory Reactor  
  58  5:31  Barracks  
  58  5:32  SCV x2, Starport Reactor  
  58  5:34  Marine  
  58  5:35  Supply Depot  
  64  5:37  Marine  
  64  5:40  Supply Depot  
  64  5:41  SCV  
  66  5:44  SCV  
  66  5:45  Terran Infantry Armor Level 1  
  66  5:49  SCV  
  68  5:50  Marine x2  
  68  5:51  Marine  
  68  5:54  SCV  
  68  5:56  SCV  
  73  5:57  Supply Depot, Marine x2  
  73  6:01  SCV  
  76  6:04  Marine  
  76  6:05  Supply Depot  
  76  6:06  Supply Depot, SCV  
  76  6:11  Marine x3  
  78  6:12  Widow Mine x2  
  78  6:16  Medivac  
  84  6:21  SCV x3  
  84  6:25  Barracks Reactor, Combat Shield  
  84  6:26  Marine x2  
  84  6:30  Medivac  
  84  6:31  Supply Depot  
  84  6:32  Marine x4  
  90  6:34  SCV x2  
  94  6:42  Widow Mine x2  
  94  6:44  Marine x2  
  94  6:46  Medivac  
  102  6:48  SCV x3  
  105  6:58  Marine x3  
  105  6:59  Marine  
  105  7:00  Medivac  
  111  7:02  Marine  
  111  7:05  Barracks, Refinery  
  111  7:06  Barracks, Armory, Marine x3  
  111  7:07  Barracks  
  115  7:12  Command Center  
  115  7:16  Marine x4  
  115  7:17  Medivac, Widow Mine x2  
  115  7:20  Marine  
  126  7:24  SCV x2  
  126  7:27  Missile Turret x2  
  126  7:28  Missile Turret  
  128  7:30  Marine x3  
Tags
 
Add a new tag
Caveats
  • Supply blocks, unpowered buildings, or Contaminate may cause inaccurate times.
  • Supply counts are checked every 10 seconds.